 Dungeon Crawl Stone Soup version 0.29.1-1-gd02db6906a (webtiles) character file.

Game seed: 14934562849682750492

530 Huetiris the Covered (level 7, 0/60 HPs)
             Began as a Minotaur Fighter on Sept 30, 2022.
             Was an Initiate of Okawaru.
             Slain by Fractals's ghost (4 damage)
             ... on level 5 of the Dungeon.
             The game lasted 00:40:15 (4486 turns).

Huetiris the Covered (Minotaur Fighter)             Turns: 4486, Time: 00:40:16

Health: 0/60       AC:  7    Str: 22      XL:     7   Next: 3%
Magic:  6/6        EV: 15    Int:  5      God:    Okawaru [......]
Gold:   229        SH:  4    Dex:  8 (10) Spells: 6/6 levels left

rFire   . . .      SeeInvis .   h - +2 dagger (vamp)
rCold   . . .      Faith    .   c - +0 buckler
rNeg    . . .      Spirit   .   A - +2 leather armour {Will+}
rPois   .          Reflect  .   (helmet restricted)
rElec   .          Harm     .   (no cloak)
rCorr   .          Rampage  .   (no gloves)
Will    +....                   s - +0 pair of boots
Stlth   +.........              j - amulet of regeneration
HPRegen 1.00/turn               w - +4 ring of evasion
MPRegen 0.10/turn               (no ring)

@: lethally poisoned (0 -> -5)
A: horns 2, retaliatory headbutt
a: Renounce Religion


You were on level 5 of the Dungeon.
You worshipped Okawaru.
Okawaru was noncommittal.
You visited 1 branch of the dungeon, and saw 5 of its levels.

You collected 229 gold pieces.

Inventory:

Hand Weapons
 a - a +0 war axe
 h - a +2 vampiric dagger (weapon)
 o - a +0 falchion
 D - a +0 giant club
Missiles
 t - 4 javelins
 y - 11 poisoned darts (quivered)
Armour
 b - a +0 scale mail
 c - a +0 buckler (worn)
 m - a +0 ring mail
 s - a +0 pair of boots (worn)
 A - a +2 leather armour of willpower (worn)
Jewellery
 j - an amulet of regeneration (around neck)
 w - a +4 ring of evasion (left hand)
Scrolls
 e - 2 scrolls of fear {unknown}
 g - a scroll of identify
 p - a scroll of poison {unknown}
 u - a scroll of noise {unknown}
 B - 2 scrolls of teleportation {unknown}
 C - a scroll of enchant weapon {unknown}
 E - a scroll of magic mapping {unknown}
 F - a scroll of amnesia {unknown}
Potions
 d - a potion of might
 f - 3 potions of degeneration
 i - 7 potions of curing
 k - a potion of resistance {unknown}
 l - 2 potions of flight {unknown}
 n - 2 potions of magic {unknown}
 q - 2 potions of heal wounds {unknown}
 r - 3 potions of haste {unknown}
 v - a potion of lignification {unknown}
 x - 2 potions of attraction {unknown}
 z - a potion of berserk rage {unknown}


   Skills:
 + Level 4.8 Fighting
 + Level 4.4 Short Blades
 + Level 2.6 Axes
 + Level 6.0 Armour
 + Level 2.1 Dodging
 + Level 0.8 Stealth
 + Level 4.6 Shields


You had 6 spell levels left.
You didn't know any spells.
Your spell library was empty.

Dungeon Overview and Level Annotations

Branches:
Dungeon (5/15)             Temple (0/1) D:4

Altars:
Makhleb
Okawaru
The Shining One

Annotations:
D:5 1 transporter, Fractals's ghost, novice KoEE


Innate Abilities, Weirdness & Mutations

You have a pair of horns on your head.
You reflexively headbutt those who attack you in melee.


Message History

The quasit claws you but does no damage.
You barely miss Fractals's ghost.
Fractals's ghost is heavily damaged.
You feel sick. The quasit barely misses you.
The quasit claws you but does no damage.
The quasit misses you.
Fractals's ghost points at you and mumbles some strange words.
The stone arrow hits you!
* * * LOW HITPOINT WARNING * * *
You miss Fractals's ghost.
Fractals's ghost is heavily damaged.
You feel sick. You block the quasit's attack. The quasit barely misses you.
You block the quasit's attack.
You hit Fractals's ghost.
Fractals's ghost is heavily damaged.
You feel sick.
Fractals's ghost says, "I have plenty of time to study, now."
Fractals's ghost hits you but does no damage.
You are more poisoned.
You block the quasit's attack. The quasit misses you.
The quasit completely misses you.
You hit Fractals's ghost but do no damage.
Fractals's ghost is heavily damaged.
You feel very sick. Fractals's ghost hits you.
* * * LOW HITPOINT WARNING * * *
The quasit bites you.
* * * LOW HITPOINT WARNING * * *
You feel clumsy. You block the quasit's attack.
The quasit claws you but does no damage.
You hit the quasit.
The quasit is moderately wounded.
You hit the quasit.
The quasit is moderately wounded.
* * * LOW HITPOINT WARNING * * *
You feel very sick.
The quasit bites you but does no damage.
The quasit closely misses you. x2; Fractals's ghost hits you.
You die...

#..###.....## ###....
##.##.#####..####...##.
#..#...©..##..##..### #
#.##..#....##.##.##
#.#.#...#...#.#..# #.#
.#.##..##.#.##
#.##.#...#.#©...#
#.##..#$#.....##.###
#....©#5W@©# #.#
#...#..#!5#...# #.#
#.....##.....#.##.#
#......#..#.#...#..#
#......#..#.#...#.##
#.......##.......#.
#........# #. .###.#
....... ## ## [#


You could see 2 quasits and Fractals's ghost.

Vanquished Creatures
  A black bear (D:5)
  An ogre (D:4)
  A necrophage (D:5)
  A howler monkey (D:5)
  An orc priest (D:3)
  A jelly (D:5)
  An iguana (D:4)
  An orc wizard (D:3)
  5 adders
  3 worms
  A dart slug (D:3)
  9 orcs
  10 bats
  8 endoplasms
  A giant cockroach (D:2)
  5 goblins
  4 hobgoblins
  3 jackals (D:3)
  8 kobolds
  7 quokkas
  11 ball pythons
  3 frilled lizards
  6 rats
  A butterfly (D:4)
93 creatures vanquished.

Notes
Turn   | Place    | Note
-------+----------+-------------------------------------------
     0 | D:1      | Huetiris the Minotaur Fighter began the quest for the Orb.
     0 | D:1      | Reached XP level 1. HP: 19/19 MP: 0/0
   218 | D:1      | Reached XP level 2. HP: 27/27 MP: 1/1
   292 | D:1      | Reached skill level 4 in Armour
   702 | D:2      | Found a burning altar of Makhleb.
   901 | D:2      | Reached XP level 3. HP: 33/33 MP: 2/2
  1102 | D:2      | Reached skill level 1 in Short Blades
  1687 | D:3      | Reached XP level 4. HP: 27/40 MP: 3/3
  2452 | D:3      | Reached XP level 5. HP: 46/46 MP: 4/4
  3378 | D:4      | Found an iron altar of Okawaru.
  3386 | D:4      | Became a worshipper of Warmaster Okawaru
  3389 | D:4      | Found a glowing golden altar of the Shining One.
  3567 | D:4      | Found a burning altar of Makhleb.
  3574 | D:4      | Reached skill level 1 in Dodging
  3590 | D:4      | Reached skill level 5 in Armour
  3673 | D:4      | Noticed an ogre
  3683 | D:4      | Killed an ogre
  3684 | D:4      | Reached XP level 6. HP: 30/53 MP: 5/5
  3764 | D:4      | Found a staircase to the Ecumenical Temple.
  4313 | D:5      | Entered Level 5 of the Dungeon
  4342 | D:5      | Reached skill level 6 in Armour
  4381 | D:5      | Reached XP level 7. HP: 55/60 MP: 6/6
  4430 | D:5      | Found a transporter.
  4453 | D:5      | Found a transporter.
  4456 | D:5      | Noticed Fractals's ghost (novice KoEE)
  4486 | D:5      | Slain by Fractals's ghost

Illustrated notes

Levels and vault maps discovered:
D:1:      nicolae_arrival_somewhat_less_tricky_arrival, layout_rooms,
          chequers_ecumenical_altar_twisty
D:2:      layout_loops_ring, basic_altar, minmay_hexomino_f4
D:3:      layout_basic, minmay_misc_feat_pillars, minmay_pentangle
D:4:      layout_cave_pods, mainiacjoe_overflow_cross_hatched,
          mainiacjoe_overflow_large_starburst, minmay_temple_entry_butterflies
D:5:      layout_cave_pods, gammafunk_ghost_stat_death, kennysheep_cross_room,
          corexii_leaking_fountain

Skill      XL: |  1  2  3  4  5  6 |
---------------+-------------------+-----
Shields        | 4 |  4.6
Armour         | 4 5 6 |  6.0
Fighting       | 4 |  4.8
Short Blades   | 1 2 3 4 |  4.4
Dodging        | 1 2 |  2.1
Axes           | |  2.6
Stealth        | |  0.8

Action                   |  1- 3 |  4- 6 |  7- 9 || total
-------------------------+-------+-------+-------++-------
Melee: War axe           |     9 |       |       ||     9
       Dagger            |   103 |   181 |    26 ||   310
       Headbutt          |    21 |    32 |     2 ||    55
  Use: Scroll            |     1 |     1 |       ||     2
Armor: Scale mail        |    66 |    45 |       ||   111
       Leather armour    |       |    13 |    18 ||    31
Dodge: Dodged            |    60 |   125 |    47 ||   232
Block: Buckler           |    26 |    44 |    17 ||    87
